 Dungeon Crawl Stone Soup version 0.22-a0-769-g178e55541d (webtiles) character file.

75 Marius the Gusty (level 4, -1/24 HPs)
             Began as a Deep Elf Air Elementalist on July 17, 2018.
             Slain by a worm (10 damage)
             ... on level 2 of the Dungeon.
             The game lasted 00:06:57 (1677 turns).

Marius the Gusty (Deep Elf Air Elementalist)        Turns: 1677, Time: 00:06:58

Health: -1/24      AC:  2    Str:  5    XL:     4   Next: 11%
Magic:  8/11       EV: 13    Int: 21    God:
Gold:   36         SH:  0    Dex: 15    Spells: 9/10 levels left

rFire    . . .     SeeInvis .   (no weapon)
rCold    . . .     Gourm    .   (no shield)
rNeg     . . .     Faith    .   a - +0 robe
rPois    .         Spirit   .   (no helmet)
rElec    .         Reflect  .   (no cloak)
rCorr    .         Harm     .   (no gloves)
MR       .....                  (no boots)
Stlth    ++........             (no amulet)
HPRegen  0.08/turn              (no ring)
MPRegen  0.12/turn              (no ring)

@: no status effects
A: no striking features
a: no special abilities


You were on level 2 of the Dungeon.
You were not hungry.

You visited 1 branch of the dungeon, and saw 2 of its levels.

You collected 36 gold pieces.

Inventory:

Hand Weapons
 h - a +0 short sword
Armour
 a - a +0 robe (worn)
Jewellery
 f - a +4 ring of dexterity {unknown}
Scrolls
 d - a scroll of enchant armour {unknown}
 e - a scroll of teleportation {unknown}
 g - a scroll of blinking {unknown}
 i - a scroll of identify {unknown}
Potions
 b - a potion of lignification {unknown}
Comestibles
 c - 6 rations


   Skills:
 + Level 2.7 Dodging
 + Level 2.5 Stealth
 + Level 0.2 Unarmed Combat
 * Level 3.7 Spellcasting
 + Level 1.5 Conjurations
 * Level 4.2 Air Magic


You had 9 spell levels left.
You knew the following spells:

 Your Spells              Type           Power        Failure   Level  Hunger
a - Shock                 Conj/Air       ###.         3%          1    None

Your spell library contained the following spells:

 Spells                   Type           Power        Failure   Level  Hunger
 Lightning Bolt           Conj/Air       ###.......   71%         5    ######.
 Swiftness                Chrm/Air       ##......     8%          2    ##.....
 Airstrike                Air            ###.......   22%         4    ####...
 Static Discharge         Conj/Air       ###.....     11%         3    ###....


Dungeon Overview and Level Annotations

Branches:
Dungeon (2/15)

Altars:


Message History

[Y]es or [N]o only, please.
Really attack barehanded? [Y]es or [N]o only, please.
Really attack barehanded? [Y]es or [N]o only, please.
Really attack barehanded? [Y]es or [N]o only, please.
Really attack barehanded? [Y]es or [N]o only, please.
Really attack barehanded? [Y]es or [N]o only, please.
Really attack barehanded? [Y]es or [N]o only, please.
Really attack barehanded?
Okay, then.
The worm bites you! The worm barely misses you. The worm bites you!
The worm bites you!
You die...

.... ## #
#.....!...$... #.
#.......$...#. ..
###............. ..#
. ......... #..##...
#.......... #....#
#.#...r.... ##<# ##
#..w......####..#...
#@#######....[..#
#.....##..##..###
##.......##.....#
##.......#.###.#
#....##...# ..>
#.#### (....# #.
#..# #..#.... #
..... ........
##.#### ###....


You could see a worm and a quokka (sleeping).

Vanquished Creatures
  A jelly (D:2)
  An adder (D:2)
  An ooze (D:1)
  A worm (D:2)
  2 leopard geckos (D:1)
  3 bats (D:1)
  A giant cockroach (D:1)
  3 goblins (D:1)
  2 hobgoblins (D:1)
  5 kobolds (D:1)
  5 frilled lizards (D:1)
  A rat (D:1)
26 creatures vanquished.

Notes
Turn   | Place    | Note
-------+----------+-------------------------------------------
     0 | D:1      | Marius the Deep Elf Air Elementalist began the quest for the Orb.
     0 | D:1      | Reached XP level 1. HP: 10/10 MP: 6/6
   372 | D:1      | Reached XP level 2. HP: 15/15 MP: 4/8
   849 | D:1      | Reached XP level 3. HP: 19/19 MP: 1/9
  1543 | D:2      | Reached skill level 4 in Air Magic
  1571 | D:2      | Reached XP level 4. HP: 24/24 MP: 0/11
  1677 | D:2      | Slain by a worm

Vault maps used:
D:1:      minmay_arrival_plants_in_alcoves, minmay_misc_feat_room,
          hangedman_decor_points, minmay_pentomino_u4
D:2:      uniq_crazy_yiuf_cottage, uniq_terence

Skill      XL: |  1  2  3 |
---------------+----------+-----
Air Magic      | 4 |  4.2
Dodging        | |  2.7
Stealth        | |  2.5
Unarmed Combat | |  0.2
Spellcasting   | |  3.7
Conjurations   | |  1.5

Action                   |  1- 3 |  4- 6 || total
-------------------------+-------+-------++-------
Melee: Unarmed           |    39 |       ||    39
 Cast: Shock             |    52 |     5 ||    57
  Eat: Chunk             |     2 |       ||     2
Armor: Robe              |     7 |       ||     7
Dodge: Dodged            |    33 |     1 ||    34

Table legend:
 A = Spawn XP
 B = Non-spawn XP
 C = Spawn XP percentage of total XP
 D = Spawn monster count
 E = Non-spawn monster count
 F = Spawn count percentage of total count
 G = Total turns spent on level
                    A         B        C        D         E        F      G
               +---------+---------+-------+---------+---------+-------+---------
         Total |       0 |     108 |   0.0 |       0 |      26 |   0.0 |  1677
               +---------+---------+-------+---------+---------+-------+---------
           D:1 |       0 |      45 |   0.0 |       0 |      23 |   0.0 |  1540
           D:2 |       0 |      63 |   0.0 |       0 |       3 |   0.0 |   137
               +---------+---------+-------+---------+---------+-------+---------
